 Dungeon Crawl Stone Soup version 0.31-a0-836-g3ceb0a68c4 (webtiles) character file.

Game seed: 14307383578926158014

186 lunkers the Ruffian (level 6, -1/47 HPs)
             Began as a Meteoran Shapeshifter on Sept 26, 2023.
             Slain by a river rat (8 damage)
             ... in a sewer.
             The game lasted 00:02:55 (1440 turns).

lunkers the Ruffian (Meteoran Shapeshifter)         Turns: 1440, Time: 00:02:55

Health: -1/47      AC:  5    Str: 16    XL:     6   Next: 19%
Magic:  7/7        EV:  8    Int: 18    God:
Gold:   71         SH:  0    Dex: 15    Spells: 5/5 levels left

rFire   . .          .
                       - Unarmed
rCold   . . .        (no shield)
rNeg    . . .        i - +0 ring mail
rPois   .            (helmet currently unavailable)
rElec   .            (cloak currently unavailable)
rCorr   .            (gloves currently unavailable)
SInv    .            (boots currently unavailable)
Will    .....        (no amulet)
Stlth   +            e - +6 ring of intelligence
HPRegen 0.27/turn    (no ring)
MPRegen 0.10/turn

%: no passive effects
@: beast-form, glowing, constricted
A: beast (slay +2), sense surroundings 1, otherworldly, glowing, explore regen
a: Begin Untransformation


You were in a sewer.
You were a hulking beast.
You visited 1 branch of the dungeon, and saw 3 of its levels.
You also visited: Sewer.

You collected 71 gold pieces.

Inventory:

Armour
 a - a +0 animal skin
 i - a +0 ring mail (worn)
 p - a +0 pair of gloves
Jewellery
 e - a +6 ring of intelligence (left hand)
Talismans
 c - a beast talisman (active)
 d - a flux talisman
Scrolls
 l - a scroll of identify {unknown}
 n - a scroll of blinking {unknown}
 q - 2 scrolls of fog {unknown}
 r - a scroll of teleportation {unknown}
 t - a scroll of poison {unknown}
Potions
 f - a potion of curing {unknown}
 g - 3 potions of degeneration {unknown}
 h - 3 potions of magic {unknown}
 j - a potion of heal wounds {unknown}
 k - 2 potions of brilliance {unknown}
 m - 2 potions of might {unknown}
 o - a potion of enlightenment {unknown}
 s - a potion of berserk rage {unknown}


   Skills:
 - Level 1.1 Fighting
 - Level 2.1 Dodging
 * Level 6.4 Unarmed Combat
 + Level 4.9 Shapeshifting


You had 5 spell levels left.
You didn't know any spells.
Your spell library was empty.

Dungeon Overview and Level Annotations

Branches:
Dungeon (3/15) Zot: 675     Sewer (1/1) Zot: 294

Altars:
Cheibriados
Vehumet

Shops:
D:2 ?


Innate Abilities, Weirdness & Mutations

You are a hulking beast.
Your limbs bulge with bestial killing power. (Slay +2)
You passively map a small area around you.
You are easily found by Zot.
You glow in the dark.
You regain HP and MP as you explore.


Message History

The ball python constricts you.
You escape the ball python's grasp.
You feel sick.
You feel sick. The adder bites you but does no damage.
You punch the adder!
The adder is almost dead.
You feel sick. The adder closely misses you.
Unknown command.
You barely miss the adder.
The adder is almost dead.
You feel sick.
You are no longer poisoned.
The river rat twitches its whiskers.
You hit the ball python.
You kill the ball python!
The adder bites you.
* * * LOW HITPOINT WARNING * * *
You closely miss the adder.
The adder is almost dead.
The ball python bites you but does no damage.
The ball python closely misses you. The adder misses you.
You miss the adder.
The adder is almost dead.
The ball python barely misses you. The ball python grabs you.
The ball python constricts you. The adder barely misses you.
The river rat bites you!
* * * LOW HITPOINT WARNING * * *
The ball python bites you.
* * * LOW HITPOINT WARNING * * *
The ball python constricts you.
Okay, then.
You hit the adder.
You kill the adder!
The river rat bites you.
* * * LOW HITPOINT WARNING * * *
The ball python bites you but does no damage.
The ball python constricts you.
You hit the river rat.
The river rat is severely wounded.
The river rat bites you!
You die...

#### ####### ** # ###..##
###....h## ...
#.....####...†.rrS####..... +,
.............###....†...... ,
†..##.......###..........~~~
.####........##.....##..~~≈
..##...............## *~~≈≈~~
~~~.........~~~~~~##~~ ~≈≈~ ~~
~≈~~~~~~~~~~~≈≈≈~≈≈≈≈≈≈≈≈≈≈≈≈≈≈≈
≈≈~~≈~≈~≈≈~≈≈≈≈≈≈≈≈≈≈≈≈≈≈≈≈≈≈≈≈≈


You could see 2 river rats and a ball python.

Vanquished Creatures
  5 adders
  6 river rats
  A worm (D:3)
  2 dart slugs
  13 ball pythons
  4 endoplasms
  3 giant cockroaches
  3 goblins
  2 hobgoblins
  16 kobolds
  4 quokkas
  7 bats
  3 frilled lizards
  25 rats
94 creatures vanquished.

Notes
Turn   | Place    | Note
-------+----------+-------------------------------------------
     0 | D:1      | lunkers the Meteoran Shapeshifter began the quest for the
                  | Orb.
     0 | D:1      | Reached XP level 1. HP: 16/16 MP: 2/2
    39 | D:1      | Reached XP level 2. HP: 15/23 MP: 3/3
    40 | D:1      | Reached skill level 4 in Unarmed Combat
   104 | D:1      | Reached XP level 3. HP: 27/28 MP: 4/4
   335 | D:2      | Found Hivvimol's Magic Scroll Boutique.
   471 | D:2      | Reached XP level 4. HP: 28/35 MP: 5/5
   643 | D:2      | Reached skill level 5 in Unarmed Combat
   895 | D:3      | Found a radiant altar of Vehumet.
   962 | D:3      | Found a snail-covered altar of Cheibriados.
  1118 | D:3      | Found a glowing drain.
  1131 | D:3      | Reached XP level 5. HP: 37/40 MP: 6/6
  1133 | Sewer    | Entered a sewer
  1288 | Sewer    | Reached skill level 6 in Unarmed Combat
  1300 | Sewer    | Reached XP level 6. HP: 13/47 MP: 7/7
  1440 | Sewer    | Slain by a river rat

Illustrated notes

Levels and vault maps discovered:
D:1:      dpeg_arrival_short_road, layout_rooms, solitary_fountain
D:2:      layout_loops_ring, basic_altar, serial_shops, shop,
          kennysheep_generic_room_5, uniq_crazy_yiuf_cottage
D:3:      layout_loops_ring, lemuel_tele_altar, vehumet_crystals,
          portal_sewer_entry_e
Sewer:    sewer_minmay_treatment

Skill      XL: |  1  2  3  4  5 |
---------------+----------------+-----
Unarmed Combat | 4 5 6 |  6.4
Shapeshifting  | 4 |  4.9
Fighting       | |  1.1
Dodging        | |  2.1

Action                     |  1- 3 |  4- 6 || total
---------------------------+-------+-------++-------
  Melee: Unarmed           |    67 |   145 ||   212
         Punch             |       |     6 ||     6
    Use: Potion            |       |     1 ||     1
 Armour: Animal skin       |    38 |       ||    38
         Ring mail         |     4 |    85 ||    89
         Skin              |       |   143 ||   143
  Dodge: Dodged            |    49 |    80 ||   129

Table legend: (Time is in decaauts)
 A = Elapsed time spent in this place.
 B = Non-inter-level travel time spent in this place.
 C = Inter-level travel time spent in this place.
 D = Time resting spent in this place.
 E = Time spent auto-exploring this place.
 F = Levels seen in this place.
 G = Mean time per level.
                   A        B        C        D        E       F      G
               +--------+--------+--------+--------+--------+-----+--------+
         Total |   1428 |   1351 |     77 |     10 |    882 |   4 |  357.0 |
       Dungeon |   1124 |   1047 |     77 |      0 |    739 |   3 |  374.7 |
         Sewer |    304 |    304 |      0 |     10 |    143 |   1 |  304.0 |
               +--------+--------+--------+--------+--------+-----+--------+

Top non-repeatable levels by time:
     D:2: 439 daAuts
     D:3: 358 daAuts
     D:1: 326 daAuts
   Sewer: 304 daAuts
